 Dungeon Crawl Stone Soup version 0.17-a0-1248-g117de50 (webtiles) character file.

207 kidanger the Covered (level 5, 0/47 HPs)
             Began as a Hill Orc Fighter on June 5, 2015.
             Slain by a rat (1 damage)
             ... on level 4 of the Dungeon.
             The game lasted 00:14:43 (2923 turns).

kidanger the Covered (Hill Orc Fighter)             Turns: 2923, Time: 00:14:44

Health: 0/47       AC:  8    Str: 17 (20) XL:     5   Next: 85%
Magic:  5/5        EV:  7    Int:  8      God:
Gold:   234        SH:  9    Dex: 10      Spells: 0 memorised, 4 levels left

rFire  + . .     SeeInvis .     s - +2 flail (crush)
rCold  . . .     Clarity  .     b - +0 scale mail
rNeg   . . .     SustAt   .     c - +0 shield
rPois  .         Gourm    +     (no helmet)
rElec  .         Spirit   .     (no cloak)
rCorr  .         Warding  .     (no gloves)
rMut   .         Rnd*Tele +     C - +0 pair of boots
MR     .....                    B - amulet of the gourmand
Stlth  ..........               r - ring of protection from fire
                                p - ring of teleportation

@: lethally poisoned (0 -> -1), not resistant to hostile enchantments, extremely
unstealthy
A: no striking features
a: Evoke Teleportation


You were on level 4 of the Dungeon.
You were not hungry.

You visited 1 branch of the dungeon, and saw 4 of its levels.

You collected 234 gold pieces.

Inventory:

Hand weapons
 a - a +1 spear
 s - a +2 flail of crushing (weapon)
 y - a +2 short sword of freezing
Armour
 b - a +0 scale mail (worn)
 c - a +0 shield (worn)
 C - a +0 pair of boots (worn)
Jewellery
 p - a ring of teleportation (left hand)
 r - a ring of protection from fire (right hand)
 B - an amulet of the gourmand (around neck)
Scrolls
 g - a scroll of fear
 j - 6 scrolls of identify
 l - a scroll of remove curse
 t - 2 scrolls of magic mapping
 z - 2 scrolls of teleportation
Potions
 d - a potion of might
 h - a potion of flight {unknown}
 i - 2 potions of agility {unknown}
 m - 2 potions of poison {unknown}
 n - a potion of lignification {unknown}
 o - a potion of ambrosia {unknown}
 u - a potion of degeneration
 w - a potion of resistance {unknown}
 A - a potion of haste {unknown}
 D - a potion of brilliance {unknown}
Books
 q - a book of Conjurations

   Spells                             Type                      Level
   a - Magic Dart                     Conjuration                  1
   b - Searing Ray                    Conjuration                  2
   c - Dazzling Spray                 Conjuration/Hexes            3
   d - Fulminant Prism                Conjuration/Hexes            4
   e - Iskenderun's Mystic Blast      Conjuration                  4
   f - Iskenderun's Battlesphere      Conjuration/Charms           5
Comestibles
 e - 2 bread rations
 f - 4 meat rations
 k - a slice of pizza
 v - a beef jerky
 E - a fruit


   Skills:
 + Level 4.6 Fighting
 - Level 1.0 Short Blades
 * Level 0.7 Maces & Flails
 - Level 2.5 Polearms
 + Level 4.8 Armour
 + Level 1.3 Dodging
 + Level 0.5 Stealth
 + Level 4.1 Shields


You had 4 spell levels left.
You didn't know any spells.

Dungeon Overview and Level Annotations

Branches:
Dungeon (4/15)
 Temple: D:4-7

Altars:
Dithmenos
Gozag
Ru

Annotations:
D:4 Grinder; Yermak's ghost, experienced FoNe


Message History

You kill the giant cockroach!
The worker ant barely misses you.
You sock the worker ant!
The worker ant is severely wounded.
You block the worker ant's attack. Grinder hits you.
* * * LOW HITPOINT WARNING * * *
You writhe in agony.
* * * LOW HITPOINT WARNING * * *
You block the worker ant's attack.
You hit the worker ant but do no damage.
The worker ant is severely wounded.
You feel sick. Grinder hits you but does no damage.
The rat bites you but does no damage. You block the worker ant's attack.
You hit the worker ant.
The worker ant is almost dead.
You block the worker ant's attack. Grinder hits you.
* * * LOW HITPOINT WARNING * * *
You writhe in agony. x2
The rat bites you.
You die...

.. ... #.# ## ..# .. .#
#. #.# #.##.# #.# #.#
.####..#.# #.# #.#
.5.......# # #.###.#
#...#.#.#...#.#
##########.....#.#......
##
......r@a...............
.
#.?.....5.%....#.#.....#
#.#########....# #.#####
#....# #.# ###### #....#
#.##### $..... #....#
#...... ###### ....#
####### ..#


You could see Grinder, a worker ant and a rat.

Vanquished Creatures
  2 orc priests (D:4)
  A giant frog skeleton (D:4)
  4 adders
  An ooze (D:2)
  4 worms
  5 orcs
  A ball python (D:2)
  10 bats
  A giant cockroach (D:4)
  13 hobgoblins
  3 quokkas
  A giant newt (D:2)
  9 goblins
  2 jackals (D:3)
  2 kobolds
  4 rats
63 creatures vanquished.

Notes
Turn   | Place    | Note
--------------------------------------------------------------
     0 | D:1      | kidanger the Hill Orc Fighter began the quest for the Orb.
     0 | D:1      | Reached XP level 1. HP: 19/19 MP: 1/1
   416 | D:1      | Reached XP level 2. HP: 27/27 MP: 2/2
   662 | D:2      | Reached skill level 4 in Armour
   662 | D:2      | Reached XP level 3. HP: 8/33 MP: 3/3
  1120 | D:2      | Found a sacrificial altar of Ru.
  1554 | D:2      | Found an opulent altar of Gozag.
  1664 | D:2      | Reached XP level 4. HP: 36/40 MP: 4/4
  2078 | D:3      | Found a shadowy altar of Dithmenos.
  2169 | D:4      | Noticed Yermak's ghost (experienced FoNe)
  2404 | D:4      | Reached skill level 1 in Dodging
  2618 | D:4      | Reached XP level 5. HP: 32/47 MP: 5/5
  2623 | D:4      | Reached skill level 1 in Short Blades
  2911 | D:4      | Noticed Grinder
  2923 | D:4      | HP: 1/47 [Grinder (6)]
  2923 | D:4      | Slain by a rat

Vault maps used:
D:1:      matt_arrival_spirals
D:2:      kennysheep_six_static_rooms, lemuel_doored_altar, grunt_gozag_statues,
          first_bread
D:3:      nicolae_overflow_crystal_walls
D:4:      minmay_hollow_rounded_squares, uniq_sigmund, uniq_grinder

Action                   |  1- 3 |  4- 6 || total
-------------------------+-------+-------++-------
Melee: Spear             |   166 |    28 ||   194
       Short sword       |       |    92 ||    92
       Flail             |       |    24 ||    24
  Use: Scroll            |     9 |       ||     9
       Potion            |       |     4 ||     4
  Eat: Chunk             |     2 |     3 ||     5
       Bread ration      |       |     1 ||     1
